TOP OF THE 1ST |
Pocatello Boccabellas batting - Pitching for Orlando Calrissian : LHP Arturo Sánchez
|
Pitching: LHP Arturo Sánchez
|
|
Batting: RHB Tomás Carranza
|
0-0: Foul Ball, location: 2F 0-1: Ball 1-1: Foul Ball, location: 2F 1-2: Ball 2-2: Strikes out swinging
|
Batting: RHB José Delgado
|
0-0: Ball 1-0: Fly out, F9 (Flyball, 89S)
|
Batting: RHB Marlon Phipps
|
0-0: Foul Ball, location: 2F 0-1: Ball 1-1: Foul Ball, location: 2F 1-2: Ball 2-2: Foul Ball, location: 2F 2-2: Ball 3-2: Foul Ball, location: 2F 3-2: Base on Balls
|
Batting: LHB Juan Cortés
|
0-0: Ball 1-0: Ball 2-0: Ball Passed Ball! Marlon Phipps to second 3-0: Called Strike 3-1: Called Strike 3-2: Foul Ball, location: 2F 3-2: Base on Balls
|
Batting: RHB Francisco Sandoval
|
0-0: Called Strike 0-1: Ball 1-1: Ball 2-1: DOUBLE (Line Drive, 8LXD) Marlon Phipps scores Juan Cortés to third Runner from 3rd tries for Home, SAFE, no throw
|
Batting: RHB Pedro Guzmán
|
0-0: Fly out, F4 (Flyball, 4D)
|
Top of the 1st over - 2 run(s), 1 hit(s), 0 error(s), 1 left on base; Pocatello 2 - Orlando 0 |
BOTTOM OF THE 1ST |
Orlando Calrissian batting - Pitching for Pocatello Boccabellas : RHP Martín Ramírez
|
Pitching: RHP Martín Ramírez
|
|
Batting: LHB Juan Jose Pineda
|
0-0: Swinging Strike 0-1: Ball 1-1: Foul Ball, location: 2F 1-2: Foul Ball, location: 2F 1-2: Ball 2-2: Fly out, F7 (Flyball, 7)
|
Batting: SHB Tim Abbott
|
0-0: Ball 1-0: Foul Ball, location: 2F 1-1: Foul Ball, location: 2F 1-2: Foul Ball, location: 2F 1-2: SOLO HOME RUN (Flyball, 7D), Distance : 393 ft
|
Batting: RHB Albert Chávez
|
0-0: Called Strike 0-1: Ball 1-1: Foul Ball, location: 2F 1-2: Ball 2-2: Foul Ball, location: 2F 2-2: Ground out 1-3 (Groundball, 15S)
|
Batting: RHB Rich Anderson
|
0-0: Ball 1-0: Foul Ball, location: 2F 1-1: Called Strike 1-2: Foul Ball, location: 2F 1-2: Foul Ball, location: 2F 1-2: Ground out 6-3 (Groundball, 6MD)
|
Bottom of the 1st over - 1 run(s), 1 hit(s), 0 error(s), 0 left on base; Pocatello 2 - Orlando 1 |
TOP OF THE 2ND |
Pocatello Boccabellas batting - Pitching for Orlando Calrissian : LHP Arturo Sánchez
|
Batting: RHB Jeremy Carr
|
0-0: Ball 1-0: Ball 2-0: Foul Ball, location: 2F 2-1: Ball 3-1: Base on Balls
|
Batting: LHB Jim Jensen
|
0-0: Called Strike 0-1: Ball 1-1: Called Strike 1-2: Ball 2-2: Ball 3-2: Ground out 4-3 (Groundball, 34) Jeremy Carr to second
|
Batting: SHB Nick Cox
|
0-0: Ball 1-0: Ball 2-0: Ground out 6-3 (Groundball, 6) Jeremy Carr to third
|
Batting: RHB Tomás Carranza
|
0-0: Ball 1-0: Foul Ball, location: 2F 1-1: Called Strike 1-2: Ground out 6-3 (Groundball, 6)
|
Top of the 2nd over - 0 run(s), 0 hit(s), 0 error(s), 1 left on base; Pocatello 2 - Orlando 1 |
BOTTOM OF THE 2ND |
Orlando Calrissian batting - Pitching for Pocatello Boccabellas : RHP Martín Ramírez
|
Batting: LHB Juan Colón
|
0-0: Ball 1-0: Foul Ball, location: 2F 1-1: Ground out 6-3 (Groundball, 6)
|
Batting: RHB Frederico Hernández
|
0-0: Called Strike 0-1: Swinging Strike 0-2: Ball 1-2: Strikes out swinging
|
Batting: RHB Raúl Canó
|
0-0: Ball 1-0: Ball 2-0: Ball 3-0: Base on Balls
|
Batting: RHB Enrique Bermúdez
|
0-0: SINGLE (Groundball, 6MD) (infield hit) Raúl Canó to second
|
Batting: SHB Brian Price
|
0-0: Swinging Strike 0-1: Ground out 4-3 (Groundball, 34)
|
Bottom of the 2nd over - 0 run(s), 1 hit(s), 0 error(s), 2 left on base; Pocatello 2 - Orlando 1 |
TOP OF THE 3RD |
Pocatello Boccabellas batting - Pitching for Orlando Calrissian : LHP Arturo Sánchez
|
Batting: RHB José Delgado
|
0-0: Ball 1-0: Ground out 6-3 (Groundball, 6)
|
Batting: RHB Marlon Phipps
|
0-0: Foul Ball, location: 2F 0-1: Swinging Strike 0-2: Ball 1-2: Ball 2-2: Ball 3-2: Base on Balls
|
Batting: LHB Juan Cortés
|
0-0: Called Strike 0-1: Ball 1-1: SINGLE (Line Drive, 7S) Marlon Phipps to second
|
Batting: RHB Francisco Sandoval
|
0-0: Ball 1-0: Ball 2-0: 3-RUN HOME RUN (Line Drive, 7D), Distance : 380 ft
|
Batting: RHB Pedro Guzmán
|
0-0: Ball 1-0: Ball 2-0: Ball 3-0: Called Strike 3-1: Ground out 6-3 (Groundball, 56)
|
Batting: RHB Jeremy Carr
|
0-0: Fly out, F9 (Flyball, 89D)
|
Top of the 3rd over - 3 run(s), 2 hit(s), 0 error(s), 0 left on base; Pocatello 5 - Orlando 1 |
BOTTOM OF THE 3RD |
Orlando Calrissian batting - Pitching for Pocatello Boccabellas : RHP Martín Ramírez
|
Batting: LHB Juan Jose Pineda
|
0-0: Called Strike 0-1: SINGLE (Groundball, 25) (infield hit)
|
Batting: SHB Tim Abbott
|
0-0: Ball 1-0: Foul Ball, location: 2F 1-1: SINGLE (Groundball, 34D) Juan Jose Pineda to second Runner from 2nd tries for 3rd, SAFE, throw made to third
|
Batting: RHB Albert Chávez
|
0-0: Called Strike 0-1: SINGLE (Groundball, 56D) Juan Jose Pineda scores Tim Abbott to second
|
Batting: RHB Rich Anderson
|
0-0: Called Strike 0-1: Foul Ball, location: 2F 0-2: Ball 1-2: Ball 2-2: Grounds into double play, 6-4-3 (Groundball, 6) Tim Abbott to third
|
Batting: LHB Juan Colón
|
0-0: Called Strike 0-1: Ground out 6-3 (Groundball, 6M)
|
Bottom of the 3rd over - 1 run(s), 3 hit(s), 0 error(s), 1 left on base; Pocatello 5 - Orlando 2 |
TOP OF THE 4TH |
Pocatello Boccabellas batting - Pitching for Orlando Calrissian : LHP Arturo Sánchez
|
Batting: LHB Jim Jensen
|
0-0: Ball 1-0: Called Strike 1-1: SINGLE (Line Drive, 7S)
|
Batting: SHB Nick Cox
|
0-0: Ball 1-0: Foul Ball, location: 2F 1-1: Ball 2-1: Ball 3-1: Fly out, F9 (Flyball, 9S)
|
Batting: RHB Tomás Carranza
|
0-0: Fielders Choice at 2nd, 3-6 (Groundball, 3)
|
Batting: RHB José Delgado
|
0-0: Ball 1-0: Foul Ball, location: 2F 1-1: Ball 2-1: Foul Ball, location: 2F 2-2: Foul Ball, location: 2F 2-2: Foul Ball, location: 2F 2-2: Fielders Choice at 2nd, 5-4 (Groundball, 5L)
|
Top of the 4th over - 0 run(s), 1 hit(s), 0 error(s), 0 left on base; Pocatello 5 - Orlando 2 |
BOTTOM OF THE 4TH |
Orlando Calrissian batting - Pitching for Pocatello Boccabellas : RHP Martín Ramírez
|
Batting: RHB Frederico Hernández
|
0-0: Ball 1-0: Ground out 6-3 (Groundball, 6M)
|
Batting: RHB Raúl Canó
|
0-0: Ball 1-0: Ball 2-0: Ball 3-0: Called Strike 3-1: Base on Balls
|
Batting: RHB Enrique Bermúdez
|
0-0: Ball Raúl Canó is caught stealing 2nd base 1-0: Fly out, F6 (Line Drive, 6)
|
Bottom of the 4th over - 0 run(s), 0 hit(s), 0 error(s), 0 left on base; Pocatello 5 - Orlando 2 |
TOP OF THE 5TH |
Pocatello Boccabellas batting - Pitching for Orlando Calrissian : LHP Arturo Sánchez
|
Pitching: RHP Albert Colwill
|
|
Batting: RHB Marlon Phipps
|
0-0: Ball 1-0: Ball 2-0: Called Strike 2-1: Called Strike 2-2: Foul Ball, location: 2F 2-2: Fly out, F9 (Flyball, 9LS)
|
Batting: LHB Juan Cortés
|
0-0: Called Strike 0-1: Ball 1-1: Swinging Strike 1-2: Ball 2-2: Ball 3-2: Foul Ball, location: 2F 3-2: Base on Balls
|
Batting: RHB Francisco Sandoval
|
0-0: Called Strike 0-1: Grounds into double play, 6-4-3 (Groundball, 6)
|
Top of the 5th over - 0 run(s), 0 hit(s), 0 error(s), 0 left on base; Pocatello 5 - Orlando 2 |
BOTTOM OF THE 5TH |
Orlando Calrissian batting - Pitching for Pocatello Boccabellas : RHP Martín Ramírez
|
Batting: SHB Brian Price
|
0-0: Called Strike 0-1: Ball 1-1: Ball 2-1: Foul Ball, location: 2F 2-2: Ball 3-2: Strikes out swinging
|
Batting: LHB Juan Jose Pineda
|
0-0: Ground out 6-3 (Groundball, 6)
|
Batting: SHB Tim Abbott
|
0-0: Foul Ball, location: 2F 0-1: Ball 1-1: Ball 2-1: SINGLE (Line Drive, 7S)
|
Batting: RHB Albert Chávez
|
0-0: Called Strike 0-1: Called Strike 0-2: Strikes out swinging
|
Bottom of the 5th over - 0 run(s), 1 hit(s), 0 error(s), 1 left on base; Pocatello 5 - Orlando 2 |
TOP OF THE 6TH |
Pocatello Boccabellas batting - Pitching for Orlando Calrissian : RHP Albert Colwill
|
Batting: RHB Pedro Guzmán
|
0-0: Ball 1-0: Ball 2-0: Ball 3-0: Called Strike 3-1: Foul Ball, location: 2F 3-2: Ground out 6-3 (Groundball, 6)
|
Batting: RHB Jeremy Carr
|
0-0: Called Strike 0-1: Ball 1-1: Ball 2-1: Ball 3-1: Base on Balls
|
Batting: LHB Jim Jensen
|
0-0: Swinging Strike 0-1: Called Strike 0-2: Ball 1-2: Foul Ball, location: 2F 1-2: Ball 2-2: Ball 3-2: Base on Balls Jeremy Carr to second
|
Batting: SHB Nick Cox
|
0-0: Ball 1-0: Swinging Strike 1-1: Ball 2-1: Foul Ball, location: 2F 2-2: Ball 3-2: Base on Balls Jeremy Carr to third Jim Jensen to second
|
Batting: RHB Tomás Carranza
|
0-0: Ball 1-0: Grounds into fielders choice 6-2 (Groundball, 6) Jim Jensen to third Nick Cox to second
|
Batting: RHB José Delgado
|
0-0: Called Strike 0-1: Called Strike 0-2: Ball Balk! Jim Jensen scores Nick Cox to third Tomás Carranza to second 1-2: Foul Ball, location: 2F 1-2: Ball 2-2: Foul Ball, location: 2F 2-2: Ball 3-2: Foul Ball, location: 2F 3-2: Base on Balls
|
Batting: RHB Marlon Phipps
|
0-0: Reaches on Catchers interference Nick Cox scores Tomás Carranza to third José Delgado to second
|
Pitching: LHP Clarence Skerratt
|
|
Batting: LHB Juan Cortés
|
0-0: Fielders Choice at 2nd, 4-6 (Groundball, 4)
|
Top of the 6th over - 2 run(s), 0 hit(s), 1 error(s), 2 left on base; Pocatello 7 - Orlando 2 |
BOTTOM OF THE 6TH |
Orlando Calrissian batting - Pitching for Pocatello Boccabellas : RHP Martín Ramírez
|
Batting: RHB Rich Anderson
|
0-0: Foul Ball, location: 2F 0-1: Foul Ball, location: 2F 0-2: Ball 1-2: SINGLE (Line Drive, 78S)
|
Batting: LHB Juan Colón
|
0-0: Called Strike 0-1: Grounds into double play, 6-4-3 (Groundball, 6M)
|
Batting: RHB Frederico Hernández
|
0-0: Called Strike 0-1: Ball 1-1: Ball 2-1: Foul Ball, location: 2F 2-2: Fly out, F7 (Line Drive, 7)
|
Bottom of the 6th over - 0 run(s), 1 hit(s), 0 error(s), 0 left on base; Pocatello 7 - Orlando 2 |
TOP OF THE 7TH |
Pocatello Boccabellas batting - Pitching for Orlando Calrissian : LHP Clarence Skerratt
|
Batting: RHB Francisco Sandoval
|
0-0: Called Strike 0-1: Ball 1-1: Reached on error, E8 (Flyball, 8RM)
|
Batting: RHB Pedro Guzmán
|
0-0: Ball 1-0: Called Strike 1-1: SINGLE (Line Drive, 6D) Francisco Sandoval to second
|
Batting: RHB Jeremy Carr
|
0-0: Ball 1-0: Bunted foul 1-1: Sac Bunt - play at first, batter OUT! 2-4 Francisco Sandoval to third Pedro Guzmán to second
|
Batting: LHB Jim Jensen
|
0-0: Ball 1-0: Ball 2-0: Ball 3-0: Called Strike 3-1: Foul Ball, location: 2F 3-2: SINGLE (Line Drive, 9S) Francisco Sandoval scores Pedro Guzmán to third
|
Batting: SHB Nick Cox
|
0-0: Called Strike 0-1: Foul Ball, location: 2F 0-2: Ball 1-2: Ball 2-2: Ground out 6-3 (Groundball, 6S) Pedro Guzmán scores Jim Jensen to second
|
Batting: RHB Tomás Carranza
|
0-0: Ball 1-0: Called Strike 1-1: Ball 2-1: Fly out, F9 (Flyball, 9LS)
|
Top of the 7th over - 2 run(s), 2 hit(s), 1 error(s), 1 left on base; Pocatello 9 - Orlando 2 |
BOTTOM OF THE 7TH |
Orlando Calrissian batting - Pitching for Pocatello Boccabellas : RHP Martín Ramírez
|
Batting: RHB Raúl Canó
|
0-0: SINGLE (Line Drive, 8RS)
|
Batting: RHB Enrique Bermúdez
|
0-0: SINGLE (Line Drive, 7S) Raúl Canó to second
|
Batting: SHB Brian Price
|
0-0: Called Strike 0-1: Ball 1-1: Ball 2-1: Fly out, F6 (Line Drive, 6MD)
|
Batting: LHB Juan Jose Pineda
|
0-0: Ball 1-0: Fielders Choice at 2nd, 4-6 (Groundball, 4) Raúl Canó to third
|
Batting: SHB Tim Abbott
|
0-0: Ball Pickoff Throw to First - Out!
|
Bottom of the 7th over - 0 run(s), 2 hit(s), 0 error(s), 0 left on base; Pocatello 9 - Orlando 2 |
TOP OF THE 8TH |
Pocatello Boccabellas batting - Pitching for Orlando Calrissian : LHP Clarence Skerratt
|
Batting: RHB José Delgado
|
0-0: Called Strike 0-1: Ball 1-1: Ground out 5-3 (Groundball, 56)
|
Batting: RHB Marlon Phipps
|
0-0: Swinging Strike 0-1: Foul Ball, location: 2F 0-2: Ball 1-2: Ground out 5-3 (Groundball, 56)
|
Batting: LHB Juan Cortés
|
0-0: Ball 1-0: Fly out, F7 (Line Drive, 7S)
|
Top of the 8th over - 0 run(s), 0 hit(s), 0 error(s), 0 left on base; Pocatello 9 - Orlando 2 |
BOTTOM OF THE 8TH |
Orlando Calrissian batting - Pitching for Pocatello Boccabellas : RHP Martín Ramírez
|
Pitching: RHP Jaime Espinoza
|
|
Batting: SHB Tim Abbott
|
0-0: Foul Ball, location: 2F 0-1: Ball 1-1: SOLO HOME RUN (Flyball, 8LXD), Distance : 407 ft
|
Batting: RHB Albert Chávez
|
0-0: Ground out 6-3 (Groundball, 6MD)
|
Batting: RHB Rich Anderson
|
0-0: SINGLE (Groundball, 56D)
|
Batting: LHB Juan Colón
|
0-0: Called Strike 0-1: Fly out, F7 (Flyball, 78M)
|
Batting: RHB Frederico Hernández
|
0-0: Foul Ball, location: 2F 0-1: Ball 1-1: Fly out, F8 (Flyball, 8LS)
|
Bottom of the 8th over - 1 run(s), 2 hit(s), 0 error(s), 1 left on base; Pocatello 9 - Orlando 3 |
TOP OF THE 9TH |
Pocatello Boccabellas batting - Pitching for Orlando Calrissian : LHP Clarence Skerratt
|
Pitching: RHP Dave Heath
|
|
Batting: RHB Francisco Sandoval
|
0-0: Called Strike 0-1: Ball 1-1: Ground out 4-3 (Groundball, 4)
|
Batting: RHB Pedro Guzmán
|
0-0: Ball 1-0: Ground out 5-3 (Groundball, 56)
|
Batting: RHB Jeremy Carr
|
0-0: Called Strike 0-1: Ground out 4-3 (Groundball, 4)
|
Top of the 9th over - 0 run(s), 0 hit(s), 0 error(s), 0 left on base; Pocatello 9 - Orlando 3 |
BOTTOM OF THE 9TH |
Orlando Calrissian batting - Pitching for Pocatello Boccabellas : RHP Jaime Espinoza
|
Now at 1B: Chris Parker
|
|
Batting: RHB Raúl Canó
|
0-0: Called Strike 0-1: Swinging Strike 0-2: Foul Ball, location: 2F 0-2: Ball 1-2: Strikes out swinging
|
Batting: RHB Enrique Bermúdez
|
0-0: Foul Ball, location: 2F 0-1: Swinging Strike 0-2: Strikes out swinging
|
Batting: SHB Brian Price
|
0-0: Called Strike 0-1: Ground out 4-3 (Groundball, 34D)
|
Bottom of the 9th over - 0 run(s), 0 hit(s), 0 error(s), 0 left on base; Pocatello 9 - Orlando 3 |
|